 Dungeon Crawl Stone Soup version 0.26-a0-682-g294304f6e8 (webtiles) character file.

Game seed: 14423620816276256514

35 grandjackal the Slasher (level 3, -7/28 HPs)
             Began as a Demonspawn Gladiator on Oct 22, 2020.
             Killed from afar by Natasha (9 damage)
             ... with a magic dart
             ... on level 2 of the Dungeon.
             The game lasted 00:01:07 (1347 turns).

grandjackal the Slasher (Demonspawn Gladiator)      Turns: 1347, Time: 00:01:07

Health: -7/28      AC:  7    Str: 15    XL:     3   Next: 17%
Magic:  3/3        EV: 10    Int:  9    God:
Gold:   93         SH:  5    Dex: 14    Spells: 2/2 levels left

rFire    . . .     SeeInvis .   a - +0 long sword
rCold    . . .     Faith    .   (no shield)
rNeg     . . .     Spirit   .   r - +0 scale mail (curse)
rPois    .         Reflect  +   c - +0 helmet
rElec    .         Harm     .   (no cloak)
rCorr    .         Rampage  .   (no gloves)
MR       .....                  (no boots)
Stlth    ..........             o - amulet of reflection
HPRegen  0.09/turn              (no ring)
MPRegen  0.08/turn              (no ring)

@: slowed, very slow
A: rot immunity
a: no special abilities


You were on level 2 of the Dungeon.
You visited 1 branch of the dungeon, and saw 2 of its levels.

You collected 93 gold pieces.

Inventory:

Hand Weapons
 a - a +0 long sword (weapon)
Missiles
 d - 3 throwing nets (quivered)
Armour
 c - a +0 helmet (worn)
 r - a cursed +0 scale mail (worn)
Jewellery
 g - an uncursed amulet of guardian spirit
 o - an amulet of reflection (around neck)
Scrolls
 e - a scroll of blinking {unknown}
 h - a scroll of remove curse {unknown}
 m - a scroll of fear {unknown}
 n - 2 scrolls of enchant armour {unknown}
 q - a scroll of identify {unknown}
Potions
 f - a potion of experience {unknown}
 i - 3 potions of curing {unknown}
 j - 2 potions of stabbing {unknown}
 k - a potion of magic {unknown}
 l - 2 potions of cancellation {unknown}
 p - a potion of heal wounds


   Skills:
 + Level 2.6 Fighting
 + Level 3.1 Long Blades
 - Level 1.7 Throwing
 + Level 3.1 Dodging


You had 2 spell levels left.
You didn't know any spells.
Your spell library was empty.

Dungeon Overview and Level Annotations

Branches:
Dungeon (2/15)

Altars:

Annotations:
D:2 Natasha


Innate Abilities, Weirdness & Mutations

You are immune to rotting.


Message History

The crimson imp is moderately wounded.
Natasha claws you but does no damage.
The crimson imp blinks!
Unknown command.
You hit Natasha.
Natasha is severely wounded.
Natasha drinks a potion.
Natasha is healed!
You block Natasha's attack.
Unknown command.
You slash Natasha!
Natasha is severely wounded.
The crimson imp blinks!
You block Natasha's attack. Natasha barely misses you.
Unknown command.
You hit Natasha.
Natasha is almost dead.
Natasha stares at you and mumbles some strange words.
The magic dart hits you.
* * * LOW HITPOINT WARNING * * *
The crimson imp blinks!
Natasha stares at you and mumbles some strange words.
The magic dart hits you!
You die...

#### ....##### .......#
....... # ..##....## [.
......... ... #......#
##.... .#..#.....
##h##...... .........
...###@....# ........
.....ยง...$###
.......#.##..#####.#
.......#....### #.#
............... #.# ##
.........[..... #.### .#
............... #...# #.#
......#........#####.###.###
...........................#


You could see Natasha.

Vanquished Creatures
  An ooze (D:2)
  A worm (D:2)
  A ball python (D:2)
  A giant cockroach (D:1)
  2 goblins (D:2)
  3 hobgoblins (D:2)
  2 jackals (D:1)
  4 kobolds
  A quokka (D:2)
  4 bats
  2 frilled lizards (D:2)
  7 rats
29 creatures vanquished.

Notes
Turn   | Place    | Note
-------+----------+-------------------------------------------
     0 | D:1      | grandjackal the Demonspawn Gladiator began the quest for
                  | the Orb.
     0 | D:1      | Reached XP level 1. HP: 16/16 MP: 1/1
   544 | D:1      | Gained mutation: You are immune to rotting. [demonic
                  | ancestry]
   544 | D:1      | Reached XP level 2. HP: 22/22 MP: 2/2
  1123 | D:2      | Reached XP level 3. HP: 27/28 MP: 3/3
  1334 | D:2      | Noticed Natasha
  1347 | D:2      | Killed from afar by Natasha

Illustrated notes

Levels and vault maps discovered:
D:1:      wheals_arrival_shading, layout_basic
D:2:      layout_rooms, grunt_temple_overflow_diamond, minmay_crystal_water,
          grunt_qazlal_clouds, uniq_natasha

Skill      XL: |  1  2 |
---------------+-------+-----
Long Blades    | 3 |  3.1
Dodging        | 3 |  3.1
Fighting       | |  2.6
Throwing       | |  1.7

Action                   || total
-------------------------++-------
Melee: Long sword        ||    62
 Stab: Sleeping          ||     2
Armor: Leather armour    ||    18
       Scale mail        ||     4
Dodge: Dodged            ||    53
Block: Other             ||     2
       Rpst.: Long sword ||    17

Table legend: (Time is in decaauts)
 A = Elapsed time spent in this place.
 B = Non-inter-level travel time spent in this place.
 C = Inter-level travel time spent in this place.
 D = Time resting spent in this place.
 E = Time spent auto-exploring this place.
 F = Levels seen in this place.
 G = Mean time per level.
                   A        B        C        D        E       F      G
               +--------+--------+--------+--------+--------+-----+--------+
         Total |   1368 |   1350 |     18 |    278 |    862 |   2 |  684.0 |
       Dungeon |   1368 |   1350 |     18 |    278 |    862 |   2 |  684.0 |
               +--------+--------+--------+--------+--------+-----+--------+

Top non-repeatable levels by time:
     D:1: 779 daAuts
     D:2: 588 daAuts
